 Dungeon Sprint DCSS version 0.30-a0-4-ga7cffc901d (webtiles) character file.

Game seed: 3096798360826548113

1915 Conn the Arsonist (level 9, 0/85 HPs)
             Began as an Octopode Fire Elementalist on Aug 21, 2022.
             Was a Priest of Sif Muna.
             Slain by a tentacle (18 damage)
             ... attached to a kraken
             ... in the Dungeon (Sprint II: "The Violet Keep of Menkaure").
             The game lasted 00:23:26 (838 turns).

Conn the Arsonist (Octopode Fire Elementalist)       Turns: 838, Time: 00:23:26

Health: 0/85       AC: 24    Str:  8    XL:     9   Next: 16%
Magic:  1/22       EV:  2    Int: 21    God:    Sif Muna [***...]
Gold:   3          SH:  0    Dex: 12    Spells: 10/26 levels left

rFire   + + +      SeeInvis +    c - +9 dagger "Beetlebane" {flame, *Rage Drain rF+++ SInv}
rCold   . . .      Faith    .    (no shield)
rNeg    . . .      Spirit   .    (helmet currently unavailable)
rPois   +          Reflect  .    (no amulet)
rElec   .          Harm     .    e - ring of poison resistance
rCorr   .          Rampage  .    g - ring of protection from cold
Will    .....      Rage     20%  j - ring of fire
Stlth   +++....... NoTele   +    (no ring)
HPRegen 0.24/turn                (no ring)
MPRegen 0.18/turn                (no ring)
                                 (no ring)
                                 (no ring)

@: tree-form, very slightly contaminated, very slow
A: stationary, stasis, torment immunity, boosted hp, almost no armour,
(amphibious), 8 rings, (camouflage 1), (gelatinous body 1), (nimble swimmer 1),
(tentacles), (fangs 1), (tentacle spike 1), (large bone plates 1), robust 1
a: Renounce Religion, Channel Magic, Forget Spell


You were in the Dungeon.
You worshipped Sif Muna.
Sif Muna was most pleased with you.
You were a tree.
You visited 1 branch You collected 1966 gold pieces.
You spent 1963 gold pieces at shops.

Inventory:

Hand Weapons
 c - the +9 dagger "Beetlebane" (weapon) {flame, *Rage Drain rF+++ SInv}
   (You bought it in a shop in the Dungeon)

   It burns those it strikes, dealing additional fire damage.
   rF:        It renders you almost immune to fire.
   SInv:      It lets you see invisible.
   *Rage:     It berserks you when you make melee attacks (+20% chance).
   Drain:     It drains your maximum health when unequipped.
Jewellery
 e - a ring of poison resistance (left branch)
 g - a ring of protection from cold (right branch)
 j - a ring of fire (on tentacle)
Potions
 b - a potion of curing
 d - a potion of lignification
 i - a potion of mutation


   Skills:
 + Level 0.6 Fighting
 + Level 0.6 Short Blades
 + Level 5.6 Dodging
 + Level 7.6 Stealth
 + Level 0.2 Shields
 + Level 5.3 Unarmed Combat
 * Level 9.0 Spellcasting
 * Level 8.9 Conjurations
 + Level 1.3 Hexes
 * Level 2.4 Summonings
 + Level 12.0 Fire Magic
 * Level 3.0 Invocations


You had 10 spell levels left.
You knew the following spells:

 Your Spells              Type           Power      Damage    Failure   Level
a - Foxfire               Conj/Fire      100%       2x1d9     1%          1
b - Conjure Flame         Conj/Fire      69%        6-21      1%          3
c - Inner Flame           Hex/Fire       54%        N/A       1%          3
d - Flame Wave            Conj/Fire      69%        2d16      1%          4
e - Scorch                Fire           100%       2d10      1%          2
f - Summon Guardian Gole  Hex/Summ       17%        N/A       10%         3

Your spell library contained the following spells:

 Spells                   Type           Power      Damage    Failure   Level
 Orb of Destruction       Conj           23%        9d8       83%         7
 Spellforged Servitor     Conj/Summ      16%        N/A       99%         7


Dungeon Overview and Level Annotations

Branches:
Dungeon (1/1)

Altars:
Cheibriados
Dithmenos
Elyvilon
Fedhas
Gozag
Hepliaklqana
Kikubaaqudgha
Makhleb
Nemelex Xobeh
Okawaru
Qazlal
Ru
Sif Muna
Trog
Uskayaw
Vehumet
Wu Jian
Xom
Yredelemnul
Zin
The Shining One
Jiyva
Lugonu

Shops:
D :!:(==*?*![[(!(

Annotations:
D exclusion: oklob plant, Kirke, Roxanne


Innate Abilities, Weirdness & Mutations

You are a tree.
Your roots penetrate the ground, keeping you stationary.
You cannot be teleported.
You are immune to unholy pain and torment.
Your maximum health is greatly increased.
You cannot wear most types of armour.
((You are amphibious.))
You can wear up to eight rings at the same time.
((Your skin changes colour to match your surroundings (Stealth+).))
((Your rubbery body absorbs attacks. (AC +1, EV +1)))
((You are camouflaged when in or above water. (Stealth+)))
((You have tentacles for arms and can constrict up to eight enemies at once.))
((You have very sharp teeth.))
((One of your tentacles bears a spike.))
((You are partially covered in large bone plates. (SH +4)))
You are robust. (+10% HP)


Message History

Unknown command.
Unknown command.
Unknown command.
Unknown command.
Casting: Summon Guardian Golem (dangerous; 13% risk of failure)
Confirm with . or Enter, or press ? or * to list all spells.
A guardian golem appears, shielding your allies.
Your guardian golem disappears in a puff of smoke!
The tentacle segment is engulfed in blazing flames.
The yaktaur shoots a bolt.
The bolt hits your guardian golem!
Unknown command.
Casting: Summon Guardian Golem (dangerous; 13% risk of failure)
Confirm with . or Enter, or press ? or * to list all spells.
You feel a surge of power!
Flames lash the yaktaur.
Sif Muna accepts your kill.
You hear a splash.
The yaktaur explodes!
The fiery explosion engulfs your guardian golem!
Your guardian golem resists.
Your guardian golem is severely damaged.
Your guardian golem disappears in a puff of smoke!
The tentacle is engulfed in blazing flames.
The tentacle slaps you but does no damage.
The tentacle is engulfed in blazing flames.
The tentacle slaps you but does no damage.
Your Spellcasting skill increases to level 9!
Your Hexes skill increases to level 1!
Your Fire Magic skill increases to level 12!
Your Invocations skill increases to level 3!
Casting: Scorch (safe; 1% risk of failure)
Confirm with . or Enter, or press ? or * to list all spells.
Casting: Flame Wave (mildly dangerous; 1% risk of failure)
Press: ? - help, Dir - look around, f - activate You feel a surge of power!
A wave of flame ripples out!
The flame wave engulfs the tentacle!
The tentacle is severely wounded. (Press . to intensify the flame waves.)
The tentacle is engulfed in blazing flames.
The tentacle slaps you!!
You die...

# +.##. )▓[[$(=$$!▓▓ #
...# ##▓|$$:(?([▓▓ ##
#..# $#▓!(?$!(?)▓▓ .#
+..# h#▓!![$[?!?▓▓ .#
#..# h#▓$!$[[)$)▓▓
.####..##.#▓)?!![)!)▓▓
...###.^c##▓▓▓▓▓▓▓+▓▓▓▓+▓
§....~~~~~†~~§§§♣w───X≈≈▓
.....~#+########+###www≈▓
~~§..~#.._._._.#S~~# ≈≈▓
§§~~.~#._._._..#~~§§# ▓
≈~§~~~#_._._._.#~~~~§
≈≈≈~~~#._._._._#~~~≈≈§
≈≈≈≈≈~#.._._._.#~~§§§§
§###≈≈#..._._._#§§§§§S §#
#§§#...._._.#~~≈


You could see a kraken and 4 tentacles.

Vanquished Creatures
  A merfolk siren (D)
  A yaktaur (D)
  A polar bear (D)
  A hornet (D)
  4 neqoxecs (D)
  Menkaure (D)
  A nameless horror (D)
  4 necrophages (D)
  A scorpion (D)
  3 worms (D)
18 creatures vanquished.

Vanquished Creatures (others)
  A water moccasin (D)
  25 foxfires (D)
  2 tentacles (D)
28 creatures vanquished.

Grand Total: 46 creatures vanquished

Notes
Turn   | Place    | Note
-------+----------+-------------------------------------------
     0 | D        | Conn the Octopode Fire Elementalist began the quest for the
                  | Orb.
     0 | D        | Reached XP level 1. HP: 11/11 MP: 3/3
     4 | D        | Noticed a merfolk siren
     7 | D        | Noticed a necrophage
     7 | D        | Noticed a necrophage
     7 | D        | Noticed a necrophage
     7 | D        | Noticed a necrophage
    15 | D        | Killed a necrophage
    16 | D        | Reached skill level 1 in Unarmed Combat
    16 | D        | Reached skill level 5 in Fire Magic
    16 | D        | Reached XP level 2. HP: 17/17 MP: 3/6
    16 | D        | Reached XP level 3. HP: 21/21 MP: 3/7
    16 | D        | Reached XP level 4. HP: 27/27 MP: 3/8
    23 | D        | Killed a necrophage
    24 | D        | Reached skill level 7 in Fire Magic
    24 | D        | Reached XP level 5. HP: 31/31 MP: 4/10
    28 | D        | Reached skill level 5 in Stealth
    43 | D        | Reached skill level 5 in Conjurations
    43 | D        | Reached skill level 8 in Fire Magic
    43 | D        | Reached XP level 6. HP: 22/36 MP: 4/13
    56 | D        | Learned a level 2 spell: Scorch
    60 | D        | Learned a level 3 spell: Conjure Flame
    64 | D        | Learned a level 3 spell: Inner Flame
    69 | D        | Learned a level 4 spell: Flame Wave
    73 | D        | Killed a merfolk siren
    74 | D        | Reached skill level 10 in Fire Magic
    74 | D        | Reached XP level 7. HP: 3/41 MP: 0/16
   142 | D        | Found a hazy altar of Hepliaklqana.
   142 | D        | Found a snail-covered altar of Cheibriados.
   143 | D        | Found a stormy altar of Qazlal.
   143 | D        | Found a viscous altar of Jiyva.
   143 | D        | Found a shadowy altar of Dithmenos.
   144 | D        | Found a sacrificial altar of Ru.
   144 | D        | Found an ancient bone altar of Kikubaaqudgha.
   144 | D        | Found a white marble altar of Elyvilon.
   145 | D        | Found an ornate altar of the Wu Jian Council.
   145 | D        | Found a shimmering blue altar of Sif Muna.
   145 | D        | Found a corrupted altar of Lugonu.
   146 | D        | Found a shimmering altar of Xom.
   146 | D        | Found a bloodstained altar of Trog.
   146 | D        | Found a burning altar of Makhleb.
   147 | D        | Found a glowing golden altar of the Shining One.
   147 | D        | Found a basalt altar of Yredelemnul.
   147 | D        | Found a hide-covered altar of Uskayaw.
   149 | D        | Found a glowing silver altar of Zin.
   149 | D        | Found a radiant altar of Vehumet.
   149 | D        | Found a blossoming altar of Fedhas.
   149 | D        | Found a sparkling altar of Nemelex Xobeh.
   150 | D        | Found an opulent altar of Gozag.
   150 | D        | Found an iron altar of Okawaru.
   154 | D        | Became a worshipper of Sif Muna the Loreminder
   173 | D        | Noticed Menkaure
   177 | D        | Killed Menkaure
   179 | D        | Found Buces's Distillery.
   179 | D        | Found Emicses's Weapon Shop.
   180 | D        | Found Loqiek's Antique Armour Boutique.
   180 | D        | Found Fuewoag's Antique Weapon Shop.
   181 | D        | Found Oshiann's Antique Armour Shop.
   182 | D        | Found Gonk's Distillery.
   183 | D        | Found Essyuq's Magic Scroll Shop.
   183 | D        | Found Neit's General Store.
   184 | D        | Found Coskoor's Assorted Antiques.
   184 | D        | Found Foguno's Jewellery Boutique.
   184 | D        | Noticed a wyvern
   187 | D        | Noticed a neqoxec
   188 | D        | Noticed a wyvern
   189 | D        | Gained mutation: Your body sometimes deteriorates upon
                  | taking damage. [a neqoxec]
   193 | D        | Killed a neqoxec
   193 | D        | Reached * piety under Sif Muna
   194 | D        | Reached skill level 5 in Dodging
   194 | D        | Noticed a neqoxec
   204 | D        | Killed a neqoxec
   205 | D        | Reached skill level 5 in Unarmed Combat
   205 | D        | Reached skill level 11 in Fire Magic
   205 | D        | Reached XP level 8. HP: 16/46 MP: 13/18
   248 | D        | Reached ** piety under Sif Muna
   271 | D        | Noticed a centaur warrior
   271 | D        | Noticed Kirke
   271 | D        | Noticed a yaktaur captain
   278 | D        | Found Enafeimius's Jewellery Boutique.
   278 | D        | Found Uklash's Weapon Shop.
   278 | D        | Noticed an oklob plant
   279 | D        | Found Waqum's Distillery.
   279 | D        | Found Vownirup's Book Shoppe.
   279 | D        | Found Fiudaim's Book Boutique.
   284 | D        | Bought a transparent dagger for 168 gold pieces
   284 | D        | Identified the +9 dagger "Beetlebane" {flame, *Rage Drain
                  | rF+++ SInv} (You bought it in a shop in the Dungeon)
   288 | D        | Bought a potion of lignification for 33 gold pieces
   291 | D        | Noticed a shining eye
   291 | D        | Noticed a shining eye
   301 | D        | Bought a ring of poison resistance for 260 gold pieces
   301 | D        | Bought a ring of protection from cold for 325 gold pieces
   309 | D        | Bought a scroll labelled JOIPNE GADDA for 22 gold pieces
   309 | D        | Bought a scroll labelled CIR ZI AZ IDA for 22 gold pieces
   309 | D        | Bought a scroll labelled WIUCOO VUTI for 22 gold pieces
   315 | D        | Bought a potion of lignification for 30 gold pieces
   320 | D        | Bought a potion of heal wounds for 55 gold pieces
   339 | D        | Identified a scroll of acquirement
   339 | D        | Acquired 994 gold pieces
   395 | D        | Bought a book of Dangerous Friends for 440 gold pieces
   399 | D        | Learned a level 3 spell: Summon Guardian Golem
   401 | D        | Bought 2 potions of mutation for 192 gold pieces
   401 | D        | Lost mutation: Your body sometimes deteriorates upon taking
                  | damage. [potion of mutation]
   401 | D        | Gained mutation: You have very sharp teeth. [potion of
                  | mutation]
   401 | D        | Gained mutation: You are robust. (+10% HP) [potion of
                  | mutation]
   401 | D        | Gained mutation: You are partially covered in large bone
                  | plates. (SH +4) [potion of mutation]
   401 | D        | Gained mutation: One of your tentacles bears a spike.
                  | [potion of mutation]
   403 | D        | Bought a ring of fire for 350 gold pieces
   406 | D        | Bought a scroll of butterflies for 44 gold pieces
   541 | D        | Identified Roxanne's Guide on Changing
   541 | D        | Noticed Roxanne
   585 | D        | Noticed a flying skull
   585 | D        | Noticed a flying skull
   586 | D        | Noticed a flying skull
   586 | D        | Noticed a flying skull
   588 | D        | Noticed a flying skull
   803 | D        | Noticed a polar bear
   804 | D        | Noticed a yaktaur
   804 | D        | Noticed a hornet
   804 | D        | Noticed a polar bear
   804 | D        | Noticed a polar bear
   820 | D        | Killed a polar bear
   821 | D        | Reached skill level 1 in Summonings
   821 | D        | Reached skill level 1 in Invocations
   822 | D        | Killed a hornet
   822 | D        | Reached *** piety under Sif Muna
   823 | D        | Reached XP level 9. HP: 11/57 MP: 10/21
   824 | D        | Noticed a kraken
   837 | D        | Killed a yaktaur
   838 | D        | Reached skill level 1 in Hexes
   838 | D        | Reached skill level 12 in Fire Magic
   838 | D        | Slain by a tentacle

Illustrated notes

Levels and vault maps discovered:
D:        the_violet_keep_of_menkaure [sprint2_stairs_cluster_1,
          sprint2_shoproom, sprint2_temple, sprint2_basic_supplies,
          sprint2_obstacle_6, sprint2_obstacle_1, sprint2_obstacle_5,
          sprint2_obstacle_3, sprint2_obstacle_7, sprint2_timed_cluster_1,
          sprint2_smallroom_cluster_1, sprint2_smallroom_final_cluster_1,
          sprint2_transparent_cluster_1, sprint2_second_timed_cluster_1,
          sprint2_sniper_area_1, sprint2_heavy_combat_area_1,
          sprint2_mutation_trap_area_1, sprint2_forest_area_1,
          sprint2_light_combat_area_1, sprint2_behind_water_1,
          sprint2_near_end_vault_1]

Skill      XL: |  1  2  3  4  5  6  7  8  9 |
---------------+----------------------------+-----
Stealth        | 4 5 6 7 |  7.6
Unarmed Combat | 1 3 4 5 |  5.3
Spellcasting   | 3 4 6 7 8 9 |  9.0
Conjurations   | 3 4 5 6 7 8 |  8.9
Fire Magic     | 5 7 8 10 11 12 | 12.0
Dodging        | 3 4 5 |  5.6
Summonings     | 2 |  2.4
Invocations    | 2 3 |  3.0
Hexes          | 1 |  1.3
Fighting       | |  0.6
Short Blades   | |  0.6
Shields        | |  0.2

Action                   |  1- 3 |  4- 6 |  7- 9 || total
-------------------------+-------+-------+-------++-------
Melee: Unarmed           |     5 |    13 |       ||    18
       Constrict         |     1 |     1 |     2 ||     4
       Tentacles         |       |     4 |       ||     4
       Dagger            |       |       |     4 ||     4
       Kick              |       |       |     2 ||     2
 Cast: Foxfire           |     1 |     2 |    13 ||    16
       Scorch            |       |     2 |    20 ||    22
       Inner Flame       |       |     1 |     4 ||     5
       Conjure Flame     |       |       |     1 ||     1
       Summon Guardian G |       |       |     5 ||     5
       Flame Wave        |       |       |     1 ||     1
  Use: Potion            |     2 |     1 |     6 ||     9
       Scroll            |       |       |     6 ||     6
Armor: Skin              |       |     1 |     5 ||     6
Dodge: Dodged            |     3 |     9 |    12 ||    24
Block: Other             |       |       |     2 ||     2

Table legend: (Time is in decaauts)
 A = Elapsed time spent in this place.
 B = Non-inter-level travel time spent in this place.
 C = Inter-level travel time spent in this place.
 D = Time resting spent in this place.
 E = Time spent auto-exploring this place.
 F = Levels seen in this place.
 G = Mean time per level.
                   A        B        C        D        E       F      G
               +--------+--------+--------+--------+--------+-----+--------+
         Total |    832 |    832 |      0 |    340 |      0 |   1 |  832.0 |
       Dungeon |    832 |    832 |      0 |    340 |      0 |   1 |  832.0 |
               +--------+--------+--------+--------+--------+-----+--------+

Top non-repeatable levels by time:
       D: 832 daAuts
